 Dungeon Crawl Stone Soup version 0.24-a0-429-g4608c8fa30 (webtiles) character file.

Game seed: 13537642634709708446

15771 ivs the Reanimator (level 12, 0/88 HPs)
             Began as a Vampire Necromancer on June 13, 2019.
             Was an Initiate of Gozag.
             Slain by a +1 mace of flaming (5 damage)
             ... while paralysed
             ... in a volcano.
             The game lasted 02:02:31 (7351 turns).

ivs the Reanimator (Vampire Necromancer)            Turns: 7351, Time: 02:02:32

Health: 0/88       AC:  8    Str:  4    XL:     12   Next: 4%
Magic:  17/18      EV:  2    Int: 22    God:    Gozag
Gold:   1163       SH:  0    Dex: 16    Spells: 9/20 levels left

rFire    + . .     SeeInvis +   D - +0 lajatang
rCold    + . .     Gourm    .   (shield currently unavailable)
rNeg     + . .     Faith    .   d - +1 robe {rF+}
rPois    +         Spirit   .   f - +2 hat {SInv}
rElec    .         Reflect  .   (no cloak)
rCorr    .         Harm     .   s - +1 pair of gloves
MR       +....                  p - +0 pair of boots
Stlth    +++.......             C - amulet of the acrobat
HPRegen  0.44/turn              e - ring "Liuwnysott" {rC+ rN+ Str-5 Int+3}
MPRegen  0.16/turn              n - ring of poison resistance

@: paralysed, berserk cooldown, regenerating quickly, slowed
A: no food, fangs 3, see invisible, unbreathing
a: Exsanguinate, Potion Petition, Call Merchant, Bribe Branch, Renounce Religion


You were in a volcano.
You worshipped Gozag.
Gozag was most pleased with you.
You were alive.

You visited 2 branches of the dungeon, and saw 14 of its levels.
You also visited: Volcano.

You collected 2103 gold pieces.
You paid 940 gold pieces to Gozag.

Inventory:

Hand Weapons
 a - a +2 whip of pain
 b - a +1 whip of electrocution
 t - a +0 spear of distortion
 D - a +0 lajatang (weapon)
Missiles
 l - 26 poisoned darts (quivered)
Armour
 d - a +1 robe of fire resistance (worn)
 f - a +2 hat of see invisible (worn)
 p - a +0 pair of boots (worn)
 s - a +1 pair of gloves (worn)
 z - a +0 helmet
Jewellery
 e - the ring "Liuwnysott" (left hand) {rC+ rN+ Str-5 Int+3}
   (You found it on level 5 of the Dungeon)

   [ring of positive energy]

   It affects your strength (-5).
   It affects your intelligence (+3).
   It protects you from cold.
   It protects you from negative energy.
 n - a ring of poison resistance (right hand)
 o - an uncursed ring of teleportation
 C - an amulet of the acrobat (around neck)
Wands
 m - a wand of random effects (13)
 w - a wand of polymorph (3)
 J - a wand of digging (7)
 L - a wand of paralysis (7)
Scrolls
 j - a scroll of blinking
 k - a scroll of amnesia
 r - 2 scrolls of identify
 u - a scroll of torment
 v - 3 scrolls of teleportation
 x - a scroll of fog
 y - 2 scrolls of remove curse
 F - a scroll of silence
 G - 2 scrolls of enchant weapon
 H - a scroll of fear
 K - a scroll of vulnerability
Potions
 c - 3 potions of curing
 h - a potion of flight
 i - 2 potions of mutation
 B - a potion of magic
 E - a potion of brilliance


   Skills:
 + Level 6.2 Fighting
   Level 1.0 Short Blades
 * Level 9.0 Maces & Flails
 + Level 8.3 Dodging
 - Level 6.3 Stealth
 - Level 4.6 Spellcasting
 - Level 2.2 Conjurations
 - Level 2.0 Charms
 - Level 10.3 Necromancy
 - Level 4.0 Air Magic
 - Level 3.0 Poison Magic
 - Level 4.3 Evocations


You had 9 spell levels left.
You knew the following spells:

 Your Spells              Type           Power        Failure   Level  Hunger
a - Pain                  Necr           ####         1%          1    N/A
b - Magic Dart            Conj           ###.         4%          1    N/A
c - Vampiric Draining     Necr           ######....   1%          3    N/A
d - Regeneration          Chrm/Necr      ####......   2%          3    N/A
e - Mephitic Cloud        Conj/Pois/Air  ###.....     9%          3    N/A

Your spell library contained the following spells:

 Spells                   Type           Power        Failure   Level  Hunger
 Animate Skeleton         Necr           N/A          1%          1    N/A
 Animate Dead             Necr           N/A          1%          4    N/A
 Corona                   Hex            #......      11%         1    N/A
 Sandblast                Erth           #.....       11%         1    N/A
 Blink                    Tloc           N/A          16%         2    N/A
 Call Imp                 Summ           #.......     16%         2    N/A
 Passwall                 Tmut/Erth      #.......     16%         2    N/A
 Slow                     Hex            #.......     16%         2    N/A
 Conjure Flame            Conj/Fire      ##......     21%         3    N/A
 Ignite Poison            Fire/Tmut/Pois #.......     21%         3    N/A
 Stone Arrow              Conj/Erth      ##....       21%         3    N/A
 Inner Flame              Hex/Fire       #.......     32%         3    N/A
 Portal Projectile        Hex/Tloc       #.....       32%         3    N/A
 Cause Fear               Hex            #.........   71%         4    N/A
 Leda's Liquefaction      Hex/Erth       #.........   71%         4    N/A
 Petrify                  Tmut/Erth      #.......     71%         4    N/A
 Bolt of Magma            Conj/Fire/Erth #.........   91%         5    N/A
 Lee's Rapid Deconstruct  Erth           #.........   96%         5    N/A
 Iron Shot                Conj/Erth      ##........   100%        6    N/A
 Discord                  Hex            #.........   100%        8    N/A
 Ignition                 Fire           #.........   100%        8    N/A

Dungeon Overview and Level Annotations

Branches:
Dungeon (12/15)            Temple (0/1) D:6            Lair (2/6) D:11
  Swamp: Lair:2-4    Shoals: Lair:2-4     Snake: Lair:2-4    Spider: Lair:2-4
    Orc: D:9-12

Altars:
Gozag
Uskayaw
Yredelemnul
The Shining One
Jiyva

Annotations:
Lair:2 Fannar


Innate Abilities, Weirdness & Mutations

You do not eat.
Your natural rate of healing is unusually fast.
You have razor-sharp teeth.
You have supernaturally acute eyesight. (SInv)
You can survive without breathing.


Message History

The +1 mace of flaming hits you!
* * * LOW HITPOINT WARNING * * *
The +1 mace of flaming burns you.
* * * LOW HITPOINT WARNING * * *
You barely miss the +1 mace of flaming.
The +1 mace of flaming is lightly damaged.
The +1 mace of flaming barely misses you.
Unknown command.
The +1 mace of flaming hits you!
* * * LOW HITPOINT WARNING * * *
The +1 mace of flaming burns you.
* * * LOW HITPOINT WARNING * * *
You are too berserk!
You feel a strong urge to attack something.
You are no longer berserk.
You pass out from exhaustion.
You feel yourself slow down. The +1 mace of flaming hits you.
You die...
Your body crumbles into a pile of gold.

#############
#......@(8..#
#.#########.#
#.#)$$8$..#.# ###
#.#[[[%!$$#.# ###§§§
#.#.$$)[?='.# #≈≈§§≈
#.######################
#....'.....#.......≈≈≈≈#
########.∩.'......≈≈♣≈≈#
###..[#......≈♣♣≈≈#


You could see a toenail golem and a +1 mace of flaming.

Vanquished Creatures
  Gastronok (D:9)
  A two-headed ogre (D:9)
  5 wizards (Volcano)
  Pikel (D:8)
  A manticore (D:11)
  3 toenail golems (Volcano)
  A gargoyle (D:10)
  A spiny frog (Lair:2)
  A komodo dragon (D:11)
  A hornet (D:11)
  Prince Ribbit (D:8)
  Grinder (D:4)
  A hippogriff (D:10)
  A slime creature (D:10)
  A spriggan (D:7)
  A shadow (D:11)
  22 yaks
  A water moccasin (D:5)
  2 black bears
  2 orc warriors
  An ogre (D:5)
  4 ice beasts
  A sky beast (D:6)
  3 wolves (D:8)
  3 centaurs
  A crocodile (Lair:1)
  A big kobold (D:7)
  4 bullfrogs
  A wyvern skeleton (D:9)
  A scorpion (D:5)
  5 killer bees
  4 wights (D:11)
  A howler monkey (D:6)
  A centaur zombie (D:5)
  5 crimson imps
  A bullfrog zombie (D:7)
  8 hounds
  8 jellies
  3 orc priests
  A bullfrog skeleton (D:5)
  2 centaur skeletons
  12 orc wizards
  5 iguanas
  9 worker ants
  A hound zombie (D:4)
  4 gnolls (D:7)
  13 adders
  2 shadow imps
  An adder skeleton (D:4)
  An adder zombie (D:9)
  3 worms
  5 leopard geckos
  34 orcs
  6 bats
  5 giant cockroaches
  5 hobgoblins
  7 jackals
  3 quokkas
  2 ball pythons
  2 frilled lizards
  5 goblins
  11 kobolds
  2 leopard gecko zombies
  2 quokka zombies (D:5)
  9 rats
257 creatures vanquished.

Vanquished Creatures (collateral kills)
  A quokka (D:5)
  A jackal skeleton (D:5)
2 creatures vanquished.

Vanquished Creatures (others)
  4 plants (D:11)
4 creatures vanquished.

Grand Total: 263 creatures vanquished

Notes
Turn   | Place    | Note
-------+----------+-------------------------------------------
     0 | D:1      | ivs the Vampire Necromancer began the quest for the Orb.
     0 | D:1      | Reached XP level 1. HP: 13/13 MP: 3/3
   169 | D:1      | Reached XP level 2. HP: 18/19 MP: 0/5
   355 | D:1      | Reached skill level 5 in Necromancy
   612 | D:2      | Reached XP level 3. HP: 13/25 MP: 0/6
   979 | D:4      | Noticed Grinder
  1027 | D:4      | Learned a level 1 spell: Animate Skeleton
  1031 | D:4      | Learned a level 3 spell: Vampiric Draining
  1059 | D:4      | Reached skill level 1 in Fighting
  1059 | D:4      | Reached XP level 4. HP: 28/32 MP: 1/8
  1310 | D:4      | Reached XP level 5. HP: 37/38 MP: 5/9
  1329 | D:5      | Entered Level 5 of the Dungeon
  1500 | D:5      | Reached skill level 1 in Evocations
  1738 | D:4      | Reached XP level 6. HP: 24/46 MP: 5/10
  1741 | D:4      | Reached skill level 5 in Stealth
  1869 | D:5      | Learned a level 3 spell: Regeneration
  1927 | D:5      | Reached skill level 6 in Necromancy
  2028 | D:5      | Reached XP level 7. HP: 36/51 MP: 2/11
  2115 | D:5      | Identified Xoaskec's Lost Secrets of Thaumaturgy
  2199 | D:5      | Reached skill level 1 in Short Blades
  2203 | D:5      | Noticed Sigmund
  2230 | D:4      | Killed Grinder
  2296 | D:4      | Found an opulent altar of Gozag.
  2305 | D:4      | Became a worshipper of Gozag Ym Sagoz the Greedy
  2350 | D:5      | Noticed Sigmund
  2350 | D:5      | Sigmund changed into Sigmund the hound
  2357 | D:5      | Killed Sigmund the hound
  2544 | D:5      | Reached XP level 8. HP: 51/60 MP: 1/12
  2572 | D:5      | Got a heavily runed ivory ring
  2573 | D:5      | Identified the ring "Liuwnysott" {rC+ rN+ Str-5 Int+3} (You
                  | found it on level 5 of the Dungeon)
  2880 | D:6      | Found a staircase to the Ecumenical Temple.
  2886 | D:6      | Reached skill level 7 in Necromancy
  2942 | D:6      | Reached skill level 5 in Dodging
  3300 | D:7      | Reached skill level 8 in Necromancy
  3300 | D:7      | Reached XP level 9. HP: 36/65 MP: 2/15
  3590 | D:8      | Noticed Grum
  3647 | D:8      | Noticed Pikel
  3653 | D:8      | Noticed Prince Ribbit
  3839 | D:7      | Reached skill level 5 in Fighting
  4260 | D:9      | Noticed a two-headed ogre
  4351 | D:8      | Reached skill level 1 in Maces & Flails
  4408 | D:8      | Learned a level 1 spell: Magic Dart
  4415 | D:9      | Noticed Gastronok
  4516 | D:8      | Killed Prince Ribbit
  4541 | D:8      | Found a glowing golden altar of the Shining One.
  4586 | D:8      | Killed Pikel
  4586 | D:8      | Reached skill level 1 in Conjurations
  4598 | D:8      | Noticed Grum
  4598 | D:8      | Grum changed into Grum the worm
  4601 | D:8      | Killed Grum the worm
  4686 | D:7      | Reached XP level 10. HP: 57/74 MP: 9/16
  4883 | D:9      | Reached skill level 9 in Necromancy
  4919 | D:9      | Learned a level 3 spell: Mephitic Cloud
  4956 | D:9      | Killed a two-headed ogre
  4956 | D:9      | Reached skill level 1 in Air Magic
  4956 | D:9      | Reached skill level 1 in Poison Magic
  5054 | D:9      | Found a hide-covered altar of Uskayaw.
  5115 | D:9      | Killed Gastronok
  5115 | D:9      | Reached skill level 5 in Maces & Flails
  5354 | D:9      | Reached skill level 1 in Charms
  5457 | D:10     | Entered Level 10 of the Dungeon
  5641 | D:10     | Reached XP level 11. HP: 65/79 MP: 12/17
  5667 | D:10     | Found a viscous altar of Jiyva.
  6201 | D:11     | Paralysed by a hornet for 3 turns
  6331 | D:11     | Found a staircase to the Lair.
  6413 | D:11     | Reached skill level 10 in Necromancy
  6595 | Lair:1   | Entered Level 1 of the Lair of Beasts
  6615 | Lair:1   | Identified Axaref's Grimoire of Envenoming and Clay
  6758 | Lair:1   | Found a dark tunnel.
  6897 | Lair:2   | Noticed Fannar
  6906 | Lair:2   | Found a basalt altar of Yredelemnul.
  6967 | Lair:2   | Found a dark tunnel.
  6987 | Volcano  | Entered a volcano
  6994 | Volcano  | Noticed a wizard
  7007 | Volcano  | Killed a wizard
  7020 | Volcano  | Noticed a wizard
  7036 | Volcano  | Killed a wizard
  7064 | Volcano  | Noticed a wizard
  7149 | Volcano  | Noticed a wizard
  7184 | Volcano  | Killed a wizard
  7228 | Volcano  | Noticed a wizard
  7249 | Volcano  | Killed a wizard
  7261 | Volcano  | Killed a wizard
  7261 | Volcano  | Reached XP level 12. HP: 65/88 MP: 2/18
  7351 | Volcano  | Slain by a +1 mace of flaming

Levels and vault maps discovered:
D:1:      minmay_arrival_solitary_statue, layout_loops_ring,
          minmay_misc_feat_chi
D:2:      layout_loops_ring
D:3:      layout_loops_ring, elyvilon_altar_5, uniq_purgy
D:4:      layout_basic, gammafunk_temple_overflow_elements,
          lemuel_coloured_pillars_altar, uniq_grinder
D:5:      kennysheep_windowed_halls, layout_loops_ring, first_ration,
          minmay_circle_x, uniq_sigmund
D:6:      layout_loops_ring, minmay_temple_entry_gardened_gates,
          item_on_display_a
D:7:      layout_loops_ring, the_bakery, chequers_serial_rivers_small_b
D:8:      corexii_shack_village, layout_rooms, lemuel_crystal_altar,
          serial_shops, kennysheep_little_box, minmay_misc_feat_hallway,
          uniq_prince_ribbit1, uniq_grum, uniq_pikel
D:9:      layout_roguey, eat_drink_and_be_merry_uskayaw,
          minmay_stone_trees_small, uniq_gastronok
D:10:     layout_loops_ring, erik_orc_2, jiyva_altar_1
D:11:     layout_big_octagon, david_lair_shrubbed
D:12:     layout_stronghold
Lair:1:   dpeg_oklob_gauntlet, layout_regular_city,
          nicolae_volcano_entry_lava_flow, minivault_25, beast_lair_carwin_9
Lair:2:   layout_misc_corridors, minmay_swamp_entry_worms, enter_volcano_1,
          basic_altar, chequers_serial_rivers_small_3, uniq_fannar
Volcano:  volcano_bunker

Skill      XL: |  1  2  3  4  5  6  7  8  9 10 11 |
---------------+----------------------------------+-----
Necromancy     | 5 6 8 9 10 | 10.3
Fighting       | 1 2 3 4 5 6 |  6.2
Stealth        | 4 5 6 |  6.3
Spellcasting   | 3 4 |  4.6
Evocations     | 2 3 4 |  4.3
Short Blades   | 1 |  1.0
Dodging        | 3 5 7 8 |  8.3
Maces & Flails | 3 6 9 |  9.0
Conjurations   | 1 2 |  2.2
Air Magic      | 3 4 |  4.0
Poison Magic   | 3 |  3.0
Charms         | 1 2 |  2.0

Action                   |  1- 3 |  4- 6 |  7- 9 | 10-12 || total
-------------------------+-------+-------+-------+-------++-------
Melee: Short sword       |     9 |    50 |   144 |       ||   203
       Club              |     3 |       |       |       ||     3
       Bite              |     2 |     7 |    19 |    40 ||    68
       Whip              |       |       |    43 |   394 ||   437
       Lajatang          |       |       |       |    82 ||    82
Throw: Dart              |       |       |       |    19 ||    19
       Throwing net      |       |       |       |     1 ||     1
 Cast: Pain              |    53 |    74 |   171 |    37 ||   335
       Animate Skeleton  |       |     5 |     1 |       ||     6
       Vampiric Draining |       |     3 |    27 |    19 ||    49
       Regeneration      |       |     1 |     3 |    12 ||    16
       Mephitic Cloud    |       |       |       |    21 ||    21
       Magic Dart        |       |       |       |     1 ||     1
Invok: Potion Petition   |       |       |     1 |     2 ||     3
 Abil: Exsanguinate      |       |       |     1 |       ||     1
Evoke: Wand              |       |     6 |    20 |     4 ||    30
  Use: Scroll            |       |       |    18 |     6 ||    24
       Potion            |       |       |     8 |     5 ||    13
 Stab: Sleeping          |     1 |     3 |    14 |     5 ||    23
       Distracted        |       |     1 |       |       ||     1
       Confused          |       |       |       |    26 ||    26
Armor: Robe              |     1 |    11 |    22 |    43 ||    77
       Skin              |       |       |   141 |     8 ||   149
       Chain mail        |       |       |       |     6 ||     6
Dodge: Dodged            |    15 |    44 |   193 |   249 ||   501

Table legend:
 A = Non-vault XP
 B = Vault XP
 C = Vault XP percentage of total XP
 D = Non-vault monster count
 E = Vault monster count
 F = Vault count percentage of total count
                 A         B        C        D         E       F
            +---------+---------+-------+---------+---------+-------
      Total |   12186 |   10344 |  45.9 |     202 |      57 |  22.0
            +---------+---------+-------+---------+---------+-------
        D:1 |      34 |       0 |   0.0 |      21 |       0 |   0.0
        D:2 |      32 |       0 |   0.0 |       7 |       0 |   0.0
        D:3 |       9 |       0 |   0.0 |       5 |       0 |   0.0
        D:4 |     247 |     272 |  52.4 |      15 |       1 |   6.2
        D:5 |     491 |     448 |  47.7 |      21 |      16 |  43.2
        D:6 |    1178 |       0 |   0.0 |      28 |       0 |   0.0
        D:7 |     872 |     215 |  19.8 |      30 |       1 |   3.2
        D:8 |     746 |    1253 |  62.7 |      15 |      17 |  53.1
        D:9 |    2170 |    2297 |  51.4 |      14 |       1 |   6.7
       D:10 |    2310 |     619 |  21.1 |      16 |      11 |  40.7
       D:11 |    2587 |     367 |  12.4 |      22 |       1 |   4.3
     Lair:1 |     985 |     103 |   9.5 |       6 |       1 |  14.3
     Lair:2 |     525 |       0 |   0.0 |       2 |       0 |   0.0
    Volcano |       0 |    4770 | 100.0 |       0 |       8 | 100.0
            +---------+---------+-------+---------+---------+-------
